 Dungeon Crawl Stone Soup version 0.26-a0-665-gefeb406119 (webtiles) character file.

Game seed: 9944014064414761728

1351 imo the Cleaver (level 8, -5/68 HPs)
             Began as a Deep Dwarf Fighter on Oct 15, 2020.
             Was an Initiate of Ru.
             Slain by a two-headed ogre
             ... wielding a +0 dire flail
              (13 damage)
             ... on level 9 of the Dungeon.
             The game lasted 00:04:56 (947 turns).

imo the Cleaver (Deep Dwarf Fighter)                 Turns: 947, Time: 00:04:56

Health: -5/68      AC:  9    Str: 23    XL:     8   Next: 36%
Magic:  6/6        EV:  5    Int:  8    God:    Ru [......]
Gold:   27         SH:  9    Dex: 12    Spells: 7/7 levels left

rFire    . . .     SeeInvis .   a - +0 war axe
rCold    . . .     Faith    .   c - +0 kite shield
rNeg     . . .     Spirit   .   h - +0 chain mail
rPois    +         Reflect  .   (no helmet)
rElec    .         Harm     .   (no cloak)
rCorr    .         Rampage  .   (no gloves)
MR       +....                  (no boots)
Stlth    ..........             d - amulet of the acrobat
HPRegen  0.00/turn              e - ring of attention
MPRegen  0.10/turn              g - ring of poison resistance

@: non-regenerating, lightly drained
A: damage resistance, heal wounds, sense surroundings 1, no regeneration
a: Heal Wounds, Renounce Religion


You were on level 9 of the Dungeon.
You worshipped Ru.
Ru was noncommittal.
You visited 2 branches of the dungeon, and saw 11 of its levels.

You collected 27 gold pieces.

Inventory:

Hand Weapons
 a - a +0 war axe (weapon)
Armour
 b - a +0 scale mail
 c - a +0 kite shield (worn)
 h - a +0 chain mail (worn)
Jewellery
 d - an amulet of the acrobat (around neck)
 e - a ring of attention (left hand)
 g - a ring of poison resistance (right hand)
 m - a +4 ring of slaying {unknown}
Wands
 f - a wand of digging (4)
 k - a wand of acid (6)
Scrolls
 i - a scroll of amnesia
 j - a scroll of summoning {unknown}
Potions
 l - a potion of curing {unknown}
 n - a potion of magic {unknown}


   Skills:
 - Level 2.6(2.2) Fighting
 + Level 11.2(10.7) Axes
 - Level 3.2(2.8) Armour
 - Level 3.2(2.8) Shields


You had 7 spell levels left.
You didn't know any spells.
Your spell library was empty.

Dungeon Overview and Level Annotations

Branches:
Dungeon (10/15)            Temple (1/1) D:7
   Lair: D:8-11         Orc: D:9-12

Altars:
Nemelex Xobeh
Ru
Vehumet
Wu Jian
Xom


Innate Abilities, Weirdness & Mutations

You are resistant to damage.
You can heal yourself by infusing magical energy.
You passively map a small area around you.
You do not regenerate.


Message History

Press: ? - help, Shift-Dir - straight line, f/p - two-headed ogre
Aim: a two-headed ogre, wielding two +0 dire flails (moderately wounded)
The bolt of acid hits the two-headed ogre!
The two-headed ogre is splashed with acid!
The two-headed ogre is severely wounded.
The two-headed ogre hits you with a +0 dire flail!
* * * LOW HITPOINT WARNING * * *
The two-headed ogre completely misses you.
Evoke which item? (* to show all) (? for menu, Esc to quit)
Aiming: Corrosive Bolt
Press: ? - help, Shift-Dir - straight line, f/p - two-headed ogre
Aim: a two-headed ogre, wielding two +0 dire flails (severely wounded)
The bolt of acid hits the two-headed ogre!
The two-headed ogre is splashed with acid.
The acid corrodes the two-headed ogre!
The two-headed ogre is almost dead.
The two-headed ogre hits you with a +0 dire flail!!
* * * LOW HITPOINT WARNING * * *
The two-headed ogre hits you with a +0 dire flail!
You die...

.......#
.......#
.......# ,
, * *
###### ,
..##....#
_
........#
,
......O@#
........#
,........#
..##....#
#**#....#
, , ,
.....# ,
##....# *
#....# * *
,


You could see a two-headed ogre (corroded).

Vanquished Creatures
  A hornet (D:8)
  A troll (D:9)
  An ice beast (D:8)
  An eye of draining (D:8)
  2 ogres
  A tengu (shapeshifter) (D:8)
  A centaur (D:6)
  A big kobold (D:9)
  A scorpion (D:9)
  3 wights (D:10)
  A bullfrog skeleton (D:7)
  2 worker ants
  A killer bee zombie (D:9)
  6 adders
  2 white imps
  2 orcs
  2 giant cockroaches
  A goblin (D:1)
  5 hobgoblins
  3 jackals (D:2)
  A bat (D:1)
  9 kobolds
48 creatures vanquished.

Notes
Turn   | Place    | Note
-------+----------+-------------------------------------------
     0 | D:1      | imo the Deep Dwarf Fighter began the quest for the Orb.
     0 | D:1      | Reached XP level 1. HP: 20/20 MP: 1/1
    64 | D:1      | Reached skill level 3 in Axes
    81 | D:2      | Reached XP level 2. HP: 27/27 MP: 2/2
   135 | D:2      | You fall into a shaft and drop 2 floors!
   235 | D:4      | Reached skill level 4 in Axes
   235 | D:4      | Reached XP level 3. HP: 31/33 MP: 3/3
   299 | D:5      | Entered Level 5 of the Dungeon
   349 | D:5      | Reached XP level 4. HP: 38/40 MP: 4/4
   401 | D:6      | Noticed a centaur
   413 | D:6      | Killed a centaur
   413 | D:6      | Reached skill level 5 in Axes
   413 | D:6      | Reached XP level 5. HP: 43/46 MP: 5/5
   458 | D:6      | Reached skill level 6 in Axes
   531 | D:7      | Found a staircase to the Ecumenical Temple.
   537 | Temple   | Entered the Ecumenical Temple
   552 | Temple   | Became a worshipper of Ru the Awakened
   599 | D:8      | Noticed a polar bear
   600 | D:8      | Noticed an ice beast
   601 | D:8      | Noticed an eye of draining
   608 | D:8      | Killed an ice beast
   608 | D:8      | Reached skill level 7 in Axes
   608 | D:8      | Reached XP level 6. HP: 41/55 MP: 0/6
   609 | D:8      | Noticed a hornet
   612 | D:8      | Noticed a hornet
   612 | D:8      | a polar bear changed into a hornet
   616 | D:8      | a hornet changed into a tengu
   626 | D:8      | Killed a hornet
   626 | D:8      | Reached skill level 8 in Axes
   626 | D:8      | Reached XP level 7. HP: 45/61 MP: 0/6
   627 | D:8      | Reached skill level 9 in Axes
   794 | D:9      | Noticed a troll
   809 | D:9      | Killed a troll
   809 | D:9      | Reached skill level 10 in Axes
   809 | D:9      | Reached XP level 8. HP: 30/68 MP: 7/7
   896 | D:10     | Entered Level 10 of the Dungeon
   913 | D:10     | Reached skill level 11 in Axes
   944 | D:9      | Noticed a two-headed ogre
   947 | D:9      | Slain by a two-headed ogre

Illustrated notes

Levels and vault maps discovered:
D:1:      evilmike_arrival_crescent, layout_basic
D:2:      layout_loops_cross, uniq_jessica, uniq_terence
D:3:      layout_basic, portal_sewer_entry_b
D:4:      layout_basic, okawaru_altar_gauntlet_db,
          nicolae_qazlal_general_emergency
D:5:      layout_loops_ring, kennysheep_slug_shrine, nicolae_ossuary_entry_plus,
          minmay_ogre_servants
D:6:      layout_basic, gammafunk_temple_overflow_elements, basic_altar,
          serial_shops, nicolae_shop_trees
D:7:      layout_basic, lemuel_coloured_pillars_altar, trog_eyes_of_draining,
          minmay_temple_entry_gardened_gates
D:8:      layout_loops_ring, grunt_temple_overflow_holy_war,
          nicolae_dithmenos_shadow_blocks, zin_purify,
          nicolae_overflow_hidden_temple, serial_shops, nicolae_shop_waterfront,
          basic_altar, uniq_erica
D:9:      layout_gridville, lemuel_crystal_altar
D:10:     layout_rooms, uniq_joseph
Temple:   zaba_magenta_temple

Skill      XL: |  1  2  3  4  5  6  7  8 |
---------------+-------------------------+-----
Axes           | 3 4 5 7 8 10 11 | 11.2
Fighting       | |  2.6
Armour         | |  3.2
Shields        | |  3.2

Action                   |  1- 3 |  4- 6 |  7- 9 || total
-------------------------+-------+-------+-------++-------
Melee: War axe           |    54 |    47 |    69 ||   170
 Abil: Heal Wounds       |     1 |     5 |     7 ||    13
Evoke: Wand              |       |       |     3 ||     3
  Use: Scroll            |     1 |     5 |       ||     6
       Potion            |       |     1 |       ||     1
Armor: Scale mail        |    15 |       |       ||    15
       Chain mail        |    22 |    40 |    45 ||   107
Dodge: Dodged            |    22 |    12 |    20 ||    54
Block: Kite shield       |    33 |    33 |    57 ||   123

Table legend: (Time is in decaauts)
 A = Elapsed time spent in this place.
 B = Non-inter-level travel time spent in this place.
 C = Inter-level travel time spent in this place.
 D = Time resting spent in this place.
 E = Time spent auto-exploring this place.
 F = Levels seen in this place.
 G = Mean time per level.
                   A        B        C        D        E       F      G
               +--------+--------+--------+--------+--------+-----+--------+
         Total |    991 |    991 |      0 |      0 |      0 |  11 |   90.1 |
       Dungeon |    960 |    960 |      0 |      0 |      0 |  10 |   96.0 |
        Temple |     30 |     30 |      0 |      0 |      0 |   1 |   30.0 |
               +--------+--------+--------+--------+--------+-----+--------+

Top non-repeatable levels by time:
     D:9: 256 daAuts
     D:4: 154 daAuts
     D:6: 125 daAuts
     D:1: 85 daAuts
     D:7: 83 daAuts
     D:5: 67 daAuts
     D:2: 65 daAuts
     D:8: 59 daAuts
    D:10: 49 daAuts
  Temple: 30 daAuts
     D:3: 13 daAuts
